 Dungeon Crawl Stone Soup version 0.23.2-33-g5129a83184 (webtiles) character file.

Game seed: 1551534432916913941

71 Folque the Charmwright (level 4, -9/36 HPs)
             Began as a Centaur Skald on July 9, 2019.
             Mangled by Sigmund
             ... wielding a +0 scythe
              (11 damage)
             ... on level 2 of the Dungeon.
             The game lasted 00:03:20 (1679 turns).

Folque the Charmwright (Centaur Skald)              Turns: 1679, Time: 00:03:21

Health: -9/36      AC:  4    Str: 14    XL:     4   Next: 5%
Magic:  4/7        EV:  9    Int: 13    God:
Gold:   50         SH:  0    Dex:  8    Spells: 1/7 levels left

rFire    . . .     SeeInvis .   a - +0 hand axe
rCold    . . .     Gourm    .   (no shield)
rNeg     . . .     Faith    .   b - +0 leather armour
rPois    .         Spirit   .   (no helmet)
rElec    .         Reflect  .   (no cloak)
rCorr    .         Harm     .   (no gloves)
MR       +....                  (no barding)
Stlth    ..........             (no amulet)
HPRegen  0.12/turn              j - ring of protection from magic
MPRegen  0.10/turn              (no ring)

@: infused, very quick
A: large, hooves 3, deformed body, speed 2, tough skin 3
a: no special abilities


You were on level 2 of the Dungeon.
You were not hungry.

You visited 1 branch of the dungeon, and saw 2 of its levels.

You collected 50 gold pieces.

Inventory:

Hand Weapons
 a - a +0 hand axe (weapon)
Armour
 b - a +0 leather armour (worn)
 i - a +0 buckler
Jewellery
 j - a ring of protection from magic (left hand)
Scrolls
 f - 4 scrolls of identify
 g - a scroll of remove curse {unknown}
 h - a scroll of amnesia {unknown}
Comestibles
 c - 2 chunks of flesh
 d - 5 rations


   Skills:
 - Level 2.0 Fighting
 + Level 2.5 Axes
 - Level 0.6 Armour
 - Level 1.5 Dodging
 * Level 2.2 Spellcasting
 + Level 3.4 Charms


You had one spell level left.
You knew the following spells:

 Your Spells              Type           Power        Failure   Level  Hunger
a - Infusion              Chrm           ##..         8%          1    ##.....
b - Shroud of Golubria    Chrm/Tloc      #.........   24%         2    ###....
c - Spectral Weapon       Hex/Chrm       #.......     43%         3    ####...

Your spell library contained the following spells:

 Spells                   Type           Power        Failure   Level  Hunger
 Song of Slaying          Chrm           ##......     12%         2    ###....
 Regeneration             Chrm/Necr      #.........   43%         3    ####...


Dungeon Overview and Level Annotations

Branches:
Dungeon (2/15)

Altars:

Annotations:
D:2 Sigmund


Innate Abilities, Weirdness & Mutations

You have hooves in place of feet.
Armour fits poorly on your strangely shaped body.
You cover ground very quickly.
You have extremely tough skin. (AC +3)


Message History

You kill the kobold!
Okay, then.
You open the door.
There is an open door here.
Sigmund the Dreaded comes into view.
He is wielding a +0 scythe.
Sigmund shouts!
Sigmund casts a spell.
Sigmund flickers and vanishes!
Deactivating autopickup; reactivate with Ctrl-A.
Found a scroll of identify.
Casting: Infusion (safe; 8% risk of failure)
Confirm with . or Enter, or press ? or * to list all spells.
You begin infusing your attacks with magical energy.
A magic dart appears from out of thin air!
The magic dart hits you.
You hit something. You kick something. Something hits you!
You hit something. You kick something. Something hits you!
* * * LOW HITPOINT WARNING * * *
You barely miss something. Your kick misses something. Something hits you!
You die...

.....(......+.........((..#.....#
#####.....###.........###....####
# #.#.### #........## ##..## #
#.#... ..#.....## #.## # #.#####
##...## #.# # #.# ##'## #.# #.#
#.# #.# #.# ###.##### #.# #.#
#.@.....# #.# #.#
#..{...........# #.........######
#......#..# #...#..#..# #.......
.# .?.....#.## ....# ###.#


There were no monsters in sight!

Vanquished Creatures
  2 adders (D:2)
  A worm (D:2)
  2 dart slugs
  A leopard gecko (D:2)
  3 bats
  3 giant cockroaches
  3 goblins (D:1)
  5 hobgoblins
  8 jackals (D:2)
  A ball python (D:2)
  2 frilled lizards
  8 kobolds
  4 rats (D:1)
43 creatures vanquished.

Notes
Turn   | Place    | Note
-------+----------+-------------------------------------------
     0 | D:1      | Folque the Centaur Skald began the quest for the Orb.
     0 | D:1      | Reached XP level 1. HP: 17/17 MP: 3/3
   159 | D:1      | Reached skill level 3 in Charms
   243 | D:1      | Reached XP level 2. HP: 24/24 MP: 4/4
   377 | D:1      | Learned a level 2 spell: Shroud of Golubria
   873 | D:2      | Reached XP level 3. HP: 17/29 MP: 1/5
   929 | D:2      | Learned a level 3 spell: Spectral Weapon
  1531 | D:2      | Reached XP level 4. HP: 18/36 MP: 7/7
  1672 | D:2      | Noticed Sigmund
  1679 | D:2      | Mangled by Sigmund

Skill      XL: |  1  2  3 |
---------------+----------+-----
Charms         | 3 |  3.4
Axes           | 2 |  2.5
Spellcasting   | 2 |  2.2
Fighting       | |  2.0
Armour         | |  0.6
Dodging        | |  1.5

Action                   |  1- 3 |  4- 6 || total
-------------------------+-------+-------++-------
Melee: Hand axe          |   113 |    15 ||   128
       Kick              |    16 |     3 ||    19
 Cast: Infusion          |     2 |     1 ||     3
  Use: Scroll            |       |     2 ||     2
  Eat: Chunk             |     1 |     1 ||     2
Armor: Leather armour    |    41 |     9 ||    50
Dodge: Dodged            |    61 |     6 ||    67
